 Dungeon Crawl Stone Soup version 0.30.1-11-g7821555f0a (webtiles) character file.

Game seed: 6287286262169729943

270 Kallu the Ruffian (level 6, -3/51 HPs)
             Began as a Ghoul Monk on Jan 8, 2024.
             Slain by Pikel
             ... wielding a +2 whip of flaming
              (10 damage)
             ... on level 4 of the Dungeon.
             The game lasted 00:03:25 (2433 turns).

Kallu the Ruffian (Ghoul Monk)                      Turns: 2433, Time: 00:03:26

Health: -3/51      AC:  4    Str: 17    XL:     6   Next: 22%
Magic:  5/5        EV: 12    Int:  5    God:
Gold:   234        SH:  0    Dex: 11    Spells: 5/5 levels left

rFire   . .          .
                       - Unarmed
rCold   + . .        c - orb {light}
rNeg    + + +        a - +0 robe
rPois   ∞            n - +0 helmet
rElec   .            (no cloak)
rCorr   .            (no gloves)
SInv    .            v - +0 pair of boots
Will    .....        (no amulet)
Stlth   +            (no ring)
HPRegen 0.00/turn    (no ring)
MPRegen 0.09/turn

%: no passive effects
@: inhibited regen, glowing
A: claws 1, cold resistance 1, negative energy resistance 3, inhibited
regeneration, torment resistance 2, devour on kill
a: no special abilities


You were on level 4 of the Dungeon.
You visited 1 branch of the dungeon, and saw 4 of its levels.

You collected 234 gold pieces.

Inventory:

Missiles
 d - 4 curare-tipped darts (quivered)
 m - 5 poisoned darts
Armour
 a - a +0 robe (worn)
 c - an orb of light (worn)
 n - a +0 helmet (worn)
 v - a +0 pair of boots (worn)
Magical Staves
 u - a staff of air
Scrolls
 e - a scroll of amnesia {unknown}
 f - 2 scrolls of fog
 h - 3 scrolls of teleportation
 p - a scroll of butterflies {unknown}
 q - 3 scrolls of identify
 t - 2 scrolls of enchant weapon {unknown}
Potions
 b - a potion of ambrosia
 g - 2 potions of brilliance {unknown}
 i - a potion of might
 j - 2 potions of resistance {unknown}
 k - a potion of invisibility
 l - a potion of curing {unknown}
 r - a potion of lignification {unknown}
 s - 2 potions of flight {unknown}
 w - a potion of attraction {unknown}


   Skills:
 - Level 3.2 Fighting
 - Level 2.6 Dodging
 + Level 7.4 Unarmed Combat


You had 5 spell levels left.
You didn't know any spells.
Your spell library contained the following spells:

 Spells                   Type           Power      Damage    Failure   Level
 Apportation              Tloc           0%         N/A       47%         1
 Necrotise                Necr           0%         1d4       47%         1
 Summon Small Mammal      Summ           0%         N/A       47%         1
 Ensorcelled Hibernation  Hex/Ice        0%         N/A       63%         2
 Passwall                 Tmut/Erth      0%         N/A       63%         2
 Ozocubu's Armour         Ice            0%         N/A       85%         3
 Swiftness                Air            0%         N/A       85%         3
 Metabolic Englaciation   Hex/Ice        0%         N/A       100%        5
 Simulacrum               Ice/Necr       0%         N/A       100%        6


Dungeon Overview and Level Annotations

Branches:
Dungeon (4/15)
 Temple: D:4-7

Altars:
Ashenzari
Fedhas
Vehumet

Annotations:
D:4 Pikel


Innate Abilities, Weirdness & Mutations

You are immune to poison.
You have sharp fingernails.
Your flesh is cold resistant. (rC+)
You are immune to negative energy. (rN+++)
You do not regenerate when monsters are visible.
You are immune to unholy pain and torment.
You thrive by killing the living.


Message History

You scratch the lemure.
The lemure is severely wounded.
The lemure barely misses you.
You scratch the lemure.
The lemure is almost dead.
You claw the lemure!
You kill the lemure!
That felt strangely unrewarding.
An ogre comes into view. It is wielding a +0 giant spiked club.
The ogre shouts!
You hear a shout!
Pikel, Merchant of Souls comes into view.
He is wielding a +2 whip of flaming.
Unknown command.
A lemure comes into view. x2
The lemure shouts! x2; You hear a shout!
Pikel says, "Hell isn't that bad."
A gnoll comes into view. It is wielding a +0 whip. x2
A lemure comes into view.
Unknown command.
A gnoll comes into view. It is wielding a +0 club.
Found a leather armour.
The gnoll shouts! x2
The ogre hits you with a +0 giant spiked club!!
Pikel barely misses you. The ogre barely misses you.
Unknown command.
Okay, then.
Unknown command.
As you read the scroll labelled DEFFELEASY, it crumbles to dust.
The scroll dissolves into smoke.
It was a scroll of fog.
Pikel hits you with a +2 whip of flaming.
* * * LOW HITPOINT WARNING * * *
Pikel burns you.
* * * LOW HITPOINT WARNING * * *
The lemure hits you.
* * * LOW HITPOINT WARNING * * *
As you read the scroll labelled IDOBLO MEVADE, it crumbles to dust.
You hear a loud clanging noise!
It was a scroll of noise.
You hear a shout! x2
Pikel hits you with a +2 whip of flaming!
You die...

#.## #..## ....###
.....# #####5..#
#.##§§..# ##...§K55####
#####....§§@§§..#
#.........§O§##.#
#........§.§§§...
######..≈≈≈≈≈≈≈.....g..
.##.#...≈≈≈≈≈≈≈..g..g...
....#...≈≈..............
........≈≈............[.
...##...≈≈..PPPP........
....##..≈≈..P....


You could see Pikel, an ogre and 3 lemures.

Vanquished Creatures
  Sigmund (D:4)
  A lemure (D:4)
  2 adders (D:2)
  A worm (D:4)
  10 endoplasms
  11 giant cockroaches
  6 hobgoblins
  6 jackals
  3 quokkas (D:3)
  11 ball pythons
  2 bats
  11 goblins
  4 kobolds
  4 rats
  A spectral goblin (D:1)
74 creatures vanquished.

Notes
Turn   | Place    | Note
-------+----------+-------------------------------------------
     0 | D:1      | Kallu the Ghoul Monk began the quest for the Orb.
     0 | D:1      | Reached XP level 1. HP: 19/19 MP: 0/0
   113 | D:1      | Found a faded altar of an unknown god.
   256 | D:1      | Reached XP level 2. HP: 26/26 MP: 1/1
   307 | D:1      | Reached skill level 4 in Unarmed Combat
   632 | D:1      | Reached XP level 3. HP: 31/31 MP: 2/2
  1042 | D:2      | Reached skill level 5 in Unarmed Combat
  1298 | D:2      | Reached XP level 4. HP: 37/38 MP: 3/3
  1825 | D:3      | Found a radiant altar of Vehumet.
  1976 | D:4      | Found a blossoming altar of Fedhas.
  2054 | D:4      | Noticed Sigmund
  2258 | D:4      | Killed Sigmund
  2259 | D:4      | Reached skill level 7 in Unarmed Combat
  2259 | D:4      | Reached XP level 5. HP: 43/45 MP: 4/4
  2259 | D:4      | Reached XP level 6. HP: 49/51 MP: 5/5
  2412 | D:4      | Found a broken altar of Ashenzari.
  2427 | D:4      | Noticed Pikel
  2433 | D:4      | Slain by Pikel

Illustrated notes

Levels and vault maps discovered:
D:1:      sevenhm_arrival_forest_fort_large_4, layout_basic,
          dreamdust_ecumenical_altar_drowned_temple
D:2:      minmay_roachtagon, layout_basic, hangedman_abyss_or_decor_lesser_grid
D:3:      layout_rooms, vehumet_altar_wand_db, columned_hall_lemuel
D:4:      layout_cave_pools, mainiacjoe_overflow_six_doors_small,
          mainiacjoe_overflow_chevrons, grunt_decor_resistance,
          kennysheep_nondescript, uniq_blork_the_orc, uniq_edmund, uniq_pikel,
          uniq_sigmund

Skill      XL: |  1  2  3  4 |
---------------+-------------+-----
Unarmed Combat | 4 5 7 |  7.4
Fighting       | |  3.2
Dodging        | |  2.6

Action                     |  1- 3 |  4- 6 || total
---------------------------+-------+-------++-------
  Melee: Unarmed           |    79 |    84 ||   163
  Evoke: Wand              |       |     4 ||     4
    Use: Scroll            |       |     4 ||     4
         Potion            |       |     1 ||     1
 Armour: Robe              |    17 |    31 ||    48
  Dodge: Dodged            |    61 |    43 ||   104
